 Dungeon Crawl Stone Soup version 0.22-a0-580-gd5db89c (webtiles) character file.

513 Hebeh the Chopper (level 7, -8/61 HPs)
             Began as a Minotaur Fighter on July 2, 2018.
             Mangled by an ogre
             ... wielding a +0 giant club
              (18 damage)
             ... on level 4 of the Dungeon.
             The game lasted 00:10:44 (3618 turns).

Hebeh the Chopper (Minotaur Fighter)                Turns: 3618, Time: 00:10:45

Health: -8/61      AC:  7    Str: 22    XL:     7   Next: 0%
Magic:  6/6        EV:  7    Int:  5    God:
Gold:   229        SH: 10    Dex: 10    Spells: 6/6 levels left

rFire    . . .     SeeInvis .   a - +0 war axe
rCold    . . .     Gourm    .   c - +0 shield
rNeg     . . .     Faith    .   n - +0 scale mail
rPois    .         Spirit   .   (helmet restricted)
rElec    .         Reflect  .   (no cloak)
rCorr    .         Harm     .   (no gloves)
MR       .....                  (no boots)
Stlth    ..........             (no amulet)
HPRegen  0.20/turn              (no ring)
MPRegen  0.10/turn              (no ring)

@: no status effects
A: retaliatory headbutt, horns 2
a: no special abilities


You were on level 4 of the Dungeon.
You were not hungry.

You visited 1 branch of the dungeon, and saw 4 of its levels.

You collected 229 gold pieces.

Inventory:

Hand Weapons
 a - a +0 war axe (weapon)
 b - a +0 hunting sling
Armour
 c - a +0 shield (worn)
 n - a +0 scale mail (worn)
Jewellery
 m - an uncursed amulet of guardian spirit {unknown}
 s - an uncursed amulet of the gourmand {unknown}
Wands
 q - a wand of iceblast (6)
 r - a wand of scattershot (8)
Scrolls
 e - 4 scrolls of identify {unknown}
 g - a scroll of enchant weapon {unknown}
 h - a scroll of teleportation
 l - a scroll of amnesia {unknown}
 p - a scroll of remove curse
Potions
 d - a potion of might
 i - a potion of heal wounds {unknown}
 j - a potion of mutation {unknown}
 k - 4 potions of curing {unknown}
Comestibles
 f - 5 rations


   Skills:
 + Level 5.1 Fighting
 * Level 5.8 Axes
 + Level 2.2 Slings
 + Level 5.2 Armour
 + Level 5.2 Shields


You had 6 spell levels left.
You didn't know any spells.
Your spell library was empty.

Dungeon Overview and Level Annotations

Branches:
Dungeon (4/15)
 Temple: D:4-7

Altars:
Elyvilon
Fedhas
Kikubaaqudgha
Uskayaw


Innate Abilities, Weirdness & Mutations

You reflexively headbutt those who attack you in melee.
You have a pair of horns on your head.


Message History

The ogre is moderately wounded.
The ogre hits you with a giant club!!
* * * LOW HITPOINT WARNING * * *
You are too injured to fight recklessly!
You are too injured to fight recklessly!
You are too injured to fight recklessly!
The ogre hits you with a giant club!
* * * LOW HITPOINT WARNING * * *
There is an open door here.
You block the ogre's attack.
There is a stone staircase leading down here.
You block the ogre's attack.
You see here a club.
You see here 12 bolts.
The ogre hits you with a giant club.
* * * LOW HITPOINT WARNING * * *
The ogre hits you with a giant club.
* * * LOW HITPOINT WARNING * * *
The ogre hits you with a giant club!!
You die...

#.# #..#.# #.#
#.# #..#.# ###.#
#.# #..#.# .. #.#
#.# ######.###.#
#.# #.#
#.......)..# #.#
#.# #.####.#####
#.# #...##... #.#
###.###########.#
#[.....@O.....#
###############


You could see an ogre.

Vanquished Creatures
  Grinder (D:3)
  A phantom (D:2)
  2 orc wizards (D:3)
  A worker ant (D:4)
  4 gnolls
  4 adders
  2 worms
  4 dart slugs
  A leopard gecko (D:2)
  9 orcs (D:3)
  9 bats
  2 giant cockroaches
  2 goblins (D:3)
  8 hobgoblins
  3 jackals (D:2)
  A quokka (D:2)
  A ball python (D:3)
  7 frilled lizards
  7 kobolds
  8 rats
77 creatures vanquished.

Notes
Turn   | Place    | Note
-------+----------+-------------------------------------------
     0 | D:1      | Hebeh the Minotaur Fighter began the quest for the Orb.
     0 | D:1      | Reached XP level 1. HP: 19/19 MP: 0/0
   173 | D:1      | Reached XP level 2. HP: 27/27 MP: 1/1
   507 | D:1      | Reached XP level 3. HP: 28/33 MP: 2/2
  1105 | D:2      | Reached XP level 4. HP: 40/40 MP: 3/3
  1645 | D:2      | Noticed a phantom
  1659 | D:2      | Killed a phantom
  1659 | D:2      | Reached skill level 1 in Slings
  1659 | D:2      | Reached XP level 5. HP: 41/47 MP: 4/4
  1710 | D:2      | Found a blossoming altar of Fedhas.
  2112 | D:3      | Noticed a hand axe
  2112 | D:3      | Noticed a dagger
  2114 | D:3      | Found a hide-covered altar of Uskayaw.
  2358 | D:3      | Found an ancient bone altar of Kikubaaqudgha.
  2389 | D:3      | Noticed Grinder
  2397 | D:3      | Killed Grinder
  2397 | D:3      | Reached skill level 5 in Fighting
  2397 | D:3      | Reached skill level 5 in Axes
  2397 | D:3      | Reached skill level 5 in Armour
  2397 | D:3      | Reached skill level 5 in Shields
  2397 | D:3      | Reached XP level 6. HP: 42/56 MP: 5/5
  2774 | D:3      | Found a white marble altar of Elyvilon.
  2802 | D:3      | Found a faded altar of an unknown god.
  3504 | D:4      | Reached XP level 7. HP: 61/61 MP: 6/6
  3550 | D:4      | HP: 3/61 [ogre/giant club (11)]
  3618 | D:4      | Mangled by an ogre

Vault maps used:
D:1:      kennysheep_arrival_forest
D:2:      fedhas_altar_fruit_tree, small_statue_intersection
D:3:      elyvilon_altar_5, dancing_weapons_uskayaw, kiku_gazebo_garden_becter,
          chequers_ecumenical_altar_island, uniq_grinder
D:4:      first_ration

Skill      XL: |  1  2  3  4  5 |
---------------+----------------+-----
Axes           | 3 4 5 |  5.8
Fighting       | 4 5 |  5.1
Armour         | 4 5 |  5.2
Shields        | 4 5 |  5.2
Slings         | 1 2 |  2.2

Action                   |  1- 3 |  4- 6 |  7- 9 || total
-------------------------+-------+-------+-------++-------
Melee: War axe           |    89 |   103 |     1 ||   193
       Headbutt          |     8 |    17 |       ||    25
  Use: Scroll            |       |     4 |       ||     4
  Eat: Chunk             |     1 |     7 |     1 ||     9
Armor: Scale mail        |    37 |    45 |       ||    82
Dodge: Dodged            |    21 |    32 |       ||    53
Block: Shield            |    48 |    68 |     2 ||   118

Table legend:
 A = Spawn XP
 B = Non-spawn XP
 C = Spawn XP percentage of total XP
 D = Spawn monster count
 E = Non-spawn monster count
 F = Spawn count percentage of total count
 G = Total turns spent on level
                    A         B        C        D         E        F      G
               +---------+---------+-------+---------+---------+-------+---------
         Total |       0 |     734 |   0.0 |       0 |      77 |   0.0 |  3618
               +---------+---------+-------+---------+---------+-------+---------
           D:1 |       0 |      49 |   0.0 |       0 |      24 |   0.0 |   797
           D:2 |       0 |     204 |   0.0 |       0 |      21 |   0.0 |  1269
           D:3 |       0 |     443 |   0.0 |       0 |      29 |   0.0 |  1195
           D:4 |       0 |      38 |   0.0 |       0 |       3 |   0.0 |   357
               +---------+---------+-------+---------+---------+-------+---------
